AoeStats
← | ArCas | Toruk Makto

Nomad

509501869Analyzed
4v4 RM · 4d ago on Sep 27, 2026· 31m 21s· 8 players
Game mode
Random Map
Map size
231×231
Population
200
Speed
Normal
Resources
Standard
Victory
Conquest
Starting age
Dark Age
Ending age
Imperial Age
RankedLock teamsTeams togetherTeam positionsShared explorationLock speedFull tech treeHidden civsTurbo modeCheats
Victory
Defeat
🇲🇽 Dravidians · Mexico
1441
+13
🇲🇽 Spanish · Mexico
1428
+14
🇫🇷 Teutons · France
1331
+19
🇦🇷 Berbers · Argentina
1325
+18
🇦🇷 Italians · Argentina
1410
-17
🇦🇷 Varangians · Argentina
1407
-17
🇺🇾 Persians · Uruguay
1355
-15
🇨🇱 Spanish · Chile
1347
-15
rama xstar
6:40 Loom
13:19 Feudal Age
15:31 Wheelbarrow
17:33 Castle Age
17:06 Fletching
18:23 Double-Bit Axe
19:56 Bodkin Arrow
21:49 Wheelbarrow
22:49 Padded Archer Armor
23:44 Town Watch
24:22 Thumb Ring
26:55 Leather Archer Armor
28:37 Ballistics
PNAL | Lipe
6:31 Loom
15:04 Feudal Age
21:41 Castle Age
26:23 Double-Bit Axe
29:16 Fletching
PNAL | El Chill de Cojones
4:46 Loom
12:41 Feudal Age
14:01 Double-Bit Axe
19:04 Castle Age
17:45 Gold Mining
19:36 Forging
21:03 Medium Warships
22:11 Iron Casting
23:48 Bow Saw
29:19 Fishing Lines
31:16 Careening
PNAL | juansombl
5:24 Loom
13:13 Feudal Age
17:31 Castle Age
17:37 Fishing Lines
17:50 Fletching
18:09 Double-Bit Axe
19:05 Gillnets
20:54 Padded Archer Armor
Seifer
4:50 Loom
16:09 Feudal Age
16:35 Town Watch
16:37 Double-Bit Axe
16:43 Gold Mining
16:36 Fishing Lines
21:24 Castle Age
21:58 Gillnets
22:18 Medium Warships
22:41 Bow Saw
23:37 Horse Collar
24:55 Heavy Plow
25:46 Fletching
25:57 Padded Archer Armor
27:28 Wheelbarrow
29:57 Stone Mining
34:17 Imperial Age
EL MAYA
14:01 Feudal Age
13:49 Loom
17:39 Castle Age
17:04 Fletching
19:47 Wheelbarrow
26:10 Padded Archer Armor
27:26 Husbandry
27:44 Leather Archer Armor
30:21 Hand Cart
30:28 Bloodlines
Dedpool_Aoe
11:01 Loom
14:24 Feudal Age
23:50 Double-Bit Axe
27:27 Castle Age
28:43 Medium Warships
29:27 Bow Saw
31:00 Wheelbarrow
| ArCas | Toruk Makto
5:02 Loom
13:50 Feudal Age
17:56 Castle Age
18:25 Stone Mining
18:55 Fletching
19:06 Padded Archer Armor
18:56 Horse Collar
23:38 Heavy Plow
25:43 Bodkin Arrow
28:58 Wheelbarrow
28:08 Town Watch
31:48 Gold Mining
Connection lost

Rejoining the realm…

Still unreachable

The connection could not be restored.

Session expired

The server has moved on; the page needs a fresh start.